 Dungeon Crawl Stone Soup version 0.31-a0-986-g5e6e4ef867 (webtiles) character file.

Game seed: 14346163700042385301

105 Lobster4 the Digger (level 4, -6/25 HPs)
             Began as a Gargoyle Earth Elementalist on Nov 12, 2023.
             Mangled by Crazy Yiuf
             ... wielding a +4 quarterstaff of chaos
              (13 damage)
             ... on level 2 of the Dungeon.
             The game lasted 00:04:31 (2357 turns).

Lobster4 the Digger (Gargoyle Earth Elementalist)   Turns: 2357, Time: 00:04:32

Health: -6/25      AC:  5    Str: 11    XL:     4   Next: 83%
Magic:  5/7        EV: 12    Int: 24    God:
Gold:   73         SH:  0    Dex: 10    Spells: 1/7 levels left

rFire   + . .        m - +0 dagger (venom)
rCold   + . .        (no shield)
rNeg    + . .        a - +0 robe
rPois   ∞            (no helmet)
rElec   +            (no cloak)
rCorr   +            (no gloves)
SInv    .            (no boots)
Will    .....        n - amulet of regeneration
Stlth   ++           i - +6 ring of intelligence
HPRegen 1.04/turn    p - ring of flight
MPRegen 0.10/turn

%: no passive effects
@: resistant, flying
A: sickness immunity, AC +3, negative energy resistance 1, electricity
resistance, torment resistance 1, petrification resistance
a: no special abilities


You were on level 2 of the Dungeon.
You visited 1 branch of the dungeon, and saw 2 of its levels.

You collected 85 gold pieces.
You spent 12 gold pieces at shops.

Inventory:

Hand Weapons
 c - a +0 sling
 g - a +0 dagger
 m - a +0 dagger of venom (weapon)
Missiles
 e - 6 poisoned darts (quivered)
Armour
 a - a +0 robe (worn)
 k - a +0 leather armour
Jewellery
 i - a +6 ring of intelligence (left hand)
 n - an amulet of regeneration (around neck)
 p - a ring of flight (right hand)
Scrolls
 j - 2 scrolls of enchant armour {unknown}
 l - 2 scrolls of amnesia {unknown}
 o - a scroll of poison {unknown}
Potions
 b - 2 potions of magic
 d - 2 potions of invisibility {unknown}
 f - a potion of heal wounds
 h - a potion of attraction {unknown}


   Skills:
 + Level 1.2 Fighting
 + Level 1.4 Armour
 + Level 2.0 Dodging
 + Level 2.7 Stealth
 + Level 2.3 Spellcasting
 * Level 1.4 Conjurations
 - Level 1.0 Transmutations
 * Level 4.6 Earth Magic


You had one spell level left.
You knew the following spells:

 Your Spells              Type           Power      Damage    Failure   Level
a - Sandblast             Erth           48%        2d12      1%          1
b - Stone Arrow           Conj/Erth      34%        3d9       10%         3
p - Passwall              Tmut/Erth      13%        N/A       5%          2

Your spell library contained the following spells:

 Spells                   Type           Power      Damage    Failure   Level
 Hailstorm                Conj/Ice       6%         3d4       26%         3
 Brom's Barrelling Bould  Conj/Erth      17%        2d4       32%         4
 Petrify                  Tmut/Erth      16%        N/A       36%         4
 Summon Ice Beast         Ice/Summ       2%         N/A       75%         4
 Simulacrum               Ice/Necr       1%         N/A       100%        6


Dungeon Overview and Level Annotations

Branches:
Dungeon (2/15)

Altars:

Shops:
D:1 !

Annotations:
D:2 1 exclusion, Crazy Yiuf


Innate Abilities, Weirdness & Mutations

You are immune to sickness and miasma.
Your stone body is resilient. (AC +3)
You are immune to poison.
You resist negative energy. (rN+)
You are resistant to electric shocks. (rElec)
You are resistant to unholy torment.
You are immune to petrification.


Message History

* * * LOW HITPOINT WARNING * * *
Okay, then.
It was a potion of heal wounds.
You feel much better.
Crazy Yiuf laughs, "Cod spinner horse!"
Crazy Yiuf hits you with a +4 quarterstaff of chaos.
You are confused.
You're too confused to cast spells.
You're too confused to cast spells.
You bump into the tree.
Crazy Yiuf grits, "Aardvark infinity eyeball!"
Crazy Yiuf hits you with a +4 quarterstaff of chaos!
Crazy Yiuf attacks as he pursues you!
Crazy Yiuf hits you with a +4 quarterstaff of chaos!
Ouch! That really hurt!
* * * LOW HITPOINT WARNING * * *
Crazy Yiuf burns you.
* * * LOW HITPOINT WARNING * * *
You feel much better.
You bump into the tree.
Crazy Yiuf twirls on the spot.
Crazy Yiuf barely misses you. Crazy Yiuf attacks as he pursues you!
Crazy Yiuf hits you with a +4 quarterstaff of chaos.
Crazy Yiuf burns you.
You feel less confused.
Casting: Sandblast (safe; 1% risk of failure)
Confirm with . or Enter, or press ? or * to list all spells.
Aiming: Sandblast (safe; 1% risk of failure)
Press: ? - help, Shift-Dir - straight line, f/p - Crazy Yiuf
Aim: Crazy Yiuf, wielding a +4 quarterstaff of chaos and wearing a +0 cloak (lightly wounded, 85% to hit)
The blast of sand hits Crazy Yiuf!
Crazy Yiuf is heavily wounded.
Crazy Yiuf hits you with a +4 quarterstaff of chaos!
Ouch! That really hurt!
* * * LOW HITPOINT WARNING * * *
You feel protected.
Crazy Yiuf laughs, "Adder shoe illywillydillykilly!"
Crazy Yiuf hits you with a +4 quarterstaff of chaos!
Ouch! That really hurt!
You die...

###.# ##### #.##.###### #
#.# #)..# #........>#
###.###### #.).#
####.####.# ....##...# )..
#.# #.# .........# #'# #.#
#.# .#####.### ♣.♣♣ #.# #.#
.# #.# ♣♣.♣ #.# #.# .# #.#
♣g♣♣ #.# #.# .# #.# ♣♣@♣
#.## #.# ## #.### ♣♣.♣♣
#..###.# #.#.# ♣♣...♣
##...##.# #...# ♣....♣
###.....#.# ###.# #....#
#.........#
#############..##
###.....###
##...............# ##...##
...###########...#######.##
#### ##..........#


You could see Crazy Yiuf.

Vanquished Creatures
  Jessica (D:2)
  A hound zombie (D:2)
  An adder (D:2)
  2 adder zombies (D:2)
  A worm (D:2)
  5 dart slugs
  3 bats
  A bat skeleton (D:2)
  A bat zombie (D:2)
  2 endoplasms (D:1)
  A giant cockroach (D:1)
  A goblin (D:1)
  2 hobgoblins
  A jackal (D:1)
  7 kobolds
  2 quokkas
  A ball python (D:2)
  2 ball python skeletons (D:2)
  2 frilled lizards (D:1)
  A quokka zombie (D:2)
  2 rats (D:1)
40 creatures vanquished.

Notes
Turn   | Place    | Note
-------+----------+-------------------------------------------
     0 | D:1      | Lobster4 the Gargoyle Earth Elementalist began the quest
                  | for the Orb.
     0 | D:1      | Reached XP level 1. HP: 10/10 MP: 3/3
   392 | D:1      | Found Gabruem's Distillery.
   410 | D:1      | Reached XP level 2. HP: 15/15 MP: 3/5
   472 | D:1      | Learned a level 2 spell: Passwall
   551 | D:1      | Reached skill level 1 in Transmutations
   801 | D:1      | Reached skill level 4 in Earth Magic
  1133 | D:1      | Reached XP level 3. HP: 20/20 MP: 2/6
  1137 | D:1      | Learned a level 3 spell: Stone Arrow
  1373 | D:1      | Bought a potion of degeneration for 12 gold pieces
  1484 | D:2      | Reached skill level 1 in Armour
  1824 | D:2      | Noticed Jessica
  1826 | D:2      | Killed Jessica
  1827 | D:2      | Reached skill level 1 in Fighting
  1827 | D:2      | Reached skill level 1 in Conjurations
  1827 | D:2      | Reached XP level 4. HP: 25/25 MP: 5/7
  2343 | D:2      | Found a runed translucent door.
  2344 | D:2      | Noticed Crazy Yiuf
  2357 | D:2      | Mangled by Crazy Yiuf

Illustrated notes

Levels and vault maps discovered:
D:1:      denvon_arrival_planthouse, layout_loops_corners, serial_shops, shop,
          st_stairs_3
D:2:      layout_loops_ring, serial_undead, serial_undead_b, serial_undead_d,
          serial_undead_e, serial_undead_d, serial_undead_c, serial_undead_e,
          kennysheep_donut, grunt_decor_one_mirror, minmay_statues_item,
          uniq_crazy_yiuf_cottage, uniq_jessica

Skill      XL: |  1  2  3  4 |
---------------+-------------+-----
Transmutations | 1 |  1.0
Earth Magic    | 4 |  4.6
Armour         | 1 |  1.4
Fighting       | 1 |  1.2
Conjurations   | 1 |  1.4
Dodging        | 2 |  2.0
Stealth        | |  2.7
Spellcasting   | |  2.3

Action                     |  1- 3 |  4- 6 || total
---------------------------+-------+-------++-------
  Melee: Unarmed           |     1 |       ||     1
  Throw: Dart              |     1 |       ||     1
   Cast: Sandblast         |    41 |    17 ||    58
    Use: Potion            |       |     2 ||     2
 Armour: Robe              |     3 |    13 ||    16
  Dodge: Dodged            |     6 |     4 ||    10

Table legend: (Time is in decaauts)
 A = Elapsed time spent in this place.
 B = Non-inter-level travel time spent in this place.
 C = Inter-level travel time spent in this place.
 D = Time resting spent in this place.
 E = Time spent auto-exploring this place.
 F = Levels seen in this place.
 G = Mean time per level.
                   A        B        C        D        E       F      G
               +--------+--------+--------+--------+--------+-----+--------+
         Total |   2383 |   2311 |     72 |    100 |   1928 |   2 | 1191.5 |
       Dungeon |   2383 |   2311 |     72 |    100 |   1928 |   2 | 1191.5 |
               +--------+--------+--------+--------+--------+-----+--------+

Top non-repeatable levels by time:
     D:1: 1413 daAuts
     D:2: 969 daAuts
